[Event "Late-Titled-Tuesday-Blitz-September-12-2023"]
[Site "Chess.com"]
[Date "2023.09.12"]
[Round "11"]
[White "Good_Knight_Kiss"]
[Black "Bodhanas"]
[Result "1-0"]
[WhiteElo "2344"]
[BlackElo "1908"]
[TimeControl "180+1"]
[EndTime "16:01:26 PDT"]
[Termination "Good_Knight_Kiss won by resignation"]

1. e4 e6 2. d4 d5 3. Nc3 Bb4 4. exd5 exd5 5. Bd3 Bxc3+ 6. bxc3 Ne7 7. Qf3 h6 8. Ne2 Be6 9. h3 Nd7 10. O-O O-O 11. Ng3 Ng6 12. Nf5 Qf6 13. a4 Ne7 14.
Nxe7+ Qxe7 15. Ba3 c5 16. dxc5 Nxc5 17. Qe3 Rac8 18. Rab1 b6 19. a5 Qc7 20. axb6 axb6 21. Rfd1 Rfe8 22. Qd4 Nd7 23. Bb4 Qe5 24. Re1 Qc7 25. Re3 Nc5 26. Rg3 f5 27. Re1 Nxd3 28.
cxd3 f4 29. Rg6 Bf5 30. Rxe8+ Rxe8 31. Rxb6 Re1+ 32. Kh2 f3+ 33. g3 Qf7 34. Rb8+ Kh7 35. Qf4 Qh5 36. g4 Qf7 37. Qxf5+ Qxf5 38. gxf5 Re2 39.
Kg3 Rd2 40. Kxf3 Rxd3+ 41. Kg2 Rd2 42. Rd8 g6 43. fxg6+ Kxg6 44. Kf3 Kf5 45. Ke3 Rd1 46. Ke2 Rh1 47. Rxd5+ Kf6 48. Rd3 Kg6 49. c4 Kf6 50. Bd2 Ke6 51. c5 Ra1 52. c6 h5 53. c7 Ra8 54. Rd8 1-0

[Event "Late-Titled-Tuesday-Blitz-September-12-2023"]
[Site "Chess.com"]
[Date "2023.09.12"]
[Round "11"]
[White "kuli4ik"]
[Black "GarayevKanan"]
[Result "1-0"]
[WhiteElo "2956"]
[BlackElo "2726"]
[TimeControl "180+1"]
[EndTime "16:01:30 PDT"]
[Termination "kuli4ik won on time"]

1. Nf3 Nf6 2. g3 g6 3. b3 Bg7 4. Bb2 O-O 5. Bg2 d6 6. d4 c5 7.
O-O cxd4 8. Nxd4 d5 9. c4 dxc4 10. Na3 c3 11. Bxc3 Nd5 12. Bb2 Nc6 13. Nxc6 bxc6 14.
Bxg7 Kxg7 15. Rc1 Bb7 16. Nc4 a5 17. a3 Nf6 18. Qc2 Qc7 19. Qc3 c5 20. Bxb7 Qxb7 21. Nxa5 Qb5 22. b4 cxb4 23. axb4 Rfc8 24. Qd2 Rd8 25.
Qf4 e5 26. Qe3 Rac8 27. Rxc8 Rxc8 28. Rb1 Rc2 29. Qd3 Qa4 30. b5 Rc8 31. Nc6 Rxc6 32.
bxc6 Qxc6 33. h3 h5 34. Qe3 Qe6 35. Rb5 Nd7 36. Kh2 Qf6 37. Rb7 Qc6 38. Qb3 h4 39. g4 Qd6 40. e3 e4+ 41. Kg2 Ne5 42. Qc3 Qf6 43. Rb5 Qf3+ 44. Kg1 Qd1+ 45. Kh2 f6 46. g5 Qf3 47. gxf6+ Kh6 48. Qe1 Qf5 49. Qe2 Nf3+ 50. Kg2 Qxb5 51. Qxb5 1-0

[Event "Late-Titled-Tuesday-Blitz-September-12-2023"]
[Site "Chess.com"]
[Date "2023.09.12"]
[Round "11"]
[White "FairChess_on_YouTube"]
[Black "Firouzja2003"]
[Result "1-0"]
[WhiteElo "3098"]
[BlackElo "3083"]
[TimeControl "180+1"]
[EndTime "16:01:31 PDT"]
[Termination "FairChess_on_YouTube won on time"]

1. Nf3 Nf6 2. d4 g6 3. g3 Bg7 4. Bg2 O-O 5. O-O d6 6. Nc3 Nbd7 7. e4 e5 8. Re1 c6 9. h3 b5 10. a3 a6 11. Be3 Re8 12. Qd2 exd4 13. Bxd4 Ne5 14. Bxe5 dxe5 15. Qxd8 Rxd8 16. Nxe5 Bb7 17. Nd3 Nd7 18. e5 Nb6 19. Ne4 Nc4 20. Nec5 Bc8 21. Rad1 Bf5 22. Bxc6 Rac8 23. Bb7 Rc7 24. Bxa6 Nxb2 25.
Nxb2 Rxd1 26. Rxd1 Rxc5 27. Nd3 Rxc2 28. Bxb5 Bxh3 29. a4 Bg4 30. Ra1 Rc7 31. a5 Bf8 32. a6 Ra7 33. Bc4 Bc8 34. Nf4 Kg7 35. Nd5 Bc5 36.
Kg2 Bd4 37. Ra5 Bd7 38. Nf4 Bc6+ 39. Bd5 Bb6 40. Ra2 Be8 41. e6 g5 42. exf7 Bxf7 43.
Bxf7 gxf4 44. Bd5 fxg3 45. fxg3 Rd7 46. Bb7 Ba7 47. Rc2 Kf6 48. Rc6+ Ke5 49. Kh3 Rg7 50.
Rc3 Bd4 51. Rd3 Ba7 52. Rd5+ Ke6 53. Rh5 Bf2 54. g4 Ba7 55. Rf5 Re7 56. Kh4 Rc7 57.
Kh5 Rc1 58. Kh6 Rc4 59. Kxh7 Rxg4 60. Bc8+ 1-0

[Event "Late-Titled-Tuesday-Blitz-September-12-2023"]
[Site "Chess.com"]
[Date "2023.09.12"]
[Round "11"]
[White "tptagain"]
[Black "GMBenjaminBok"]
[Result "0-1"]
[WhiteElo "2951"]
[BlackElo "3016"]
[TimeControl "180+1"]
[EndTime "16:01:31 PDT"]
[Termination "GMBenjaminBok won by checkmate"]

1. Nf3 c5 2. b3 d6 3. c4 g6 4. Bb2 e5 5. Nc3 Bg7 6. e3 Nc6 7. d3 Nge7 8. g3 O-O 9. Bg2 h6 10. O-O Be6 11. Rc1 b6 12. a3 d5 13. cxd5 Nxd5 14.
Nxd5 Bxd5 15. b4 e4 16. dxe4 Bxb2 17. Qxd5 Bxc1 18. Rxc1 Ne7 19. Qe5 cxb4 20. axb4 Rc8 21. Ra1 Nc6 22. Qf4 g5 23. Qf5 Nxb4 24. Nd4 Rc5 25.
e5 Qe7 26. Be4 f6 27. Qg6+ Qg7 28. Qxg7+ Kxg7 29. Rxa7+ Kg8 30. Ne6 Rc1+ 31. Kg2 f5 32. Nxf8 fxe4 33. Nd7 Kf7 34. Nxb6+ Ke6 35. Rh7 Nd3 36.
Rxh6+ Kxe5 37. Kh3 Nxf2+ 38. Kg2 Rc2 39. Nd7+ Kd5 40.
Rg6 Ng4+ 41. Kh3 Nf2+ 42. Kg2 Ng4+ 43. Kg1 Rc1+ 44. Kg2 Nxe3+ 45. Kh3 g4+ 46. Kh4 Rc2 47. Nf6+ Kd4 48. Nxg4 Nd5 49. h3 e3 50. Re6 e2 51. Kg5 Nc3 52. h4 Ne4+ 53. Kf4 e1=Q 54. Nh2 Rf2+ 55. Nf3+ Rxf3+ 56. Kxf3 Qxg3+ 57. Ke2 Qf2+ 58.
Kd1 Qd2# 0-1

[Event "Late-Titled-Tuesday-Blitz-September-12-2023"]
[Site "Chess.com"]
[Date "2023.09.12"]
[Round "11"]
[White "DefiantChair"]
[Black "vi_pranav"]
[Result "0-1"]
[WhiteElo "2679"]
[BlackElo "2979"]
[TimeControl "180+1"]
[EndTime "16:01:33 PDT"]
[Termination "vi_pranav won by resignation"]

1. e4 c6 2. d4 d5 3. e5 Bf5 4.
Nf3 e6 5. Be2 c5 6. Be3 Qb6 7.
c4 dxc4 8. O-O Nc6 9. Nbd2 Rd8 10. Nxc4 Qc7 11. Qa4 Qd7 12. dxc5 Nxe5 13. Nd6+ Bxd6 14. Bb5 Nc6 15. cxd6 a6 16. Bxc6 Qxc6 17. Qxc6+ bxc6 18. Rfd1 Be4 19. Ne5 f6 20. d7+ Kf8 21. Bc5+ Ne7 22.
Nc4 Bd5 23. Nb6 Kf7 24. Bd6 Nf5 25. Bc7 Rdf8 26. b4 Ke7 27. Rac1 Nd6 28. d8=Q+ Rxd8 29. Bxd8+ Rxd8 30. Nxd5+ cxd5 31. Rc6 Rb8 32. a3 Ra8 33. Rc7+ Kf8 34. Rdc1 d4 35. R1c6 Rd8 36. a4 d3 37.
Rc1 e5 38. f3 f5 39. Kf2 e4 40. Ke3 Rb8 41. Rb1 h6 42. fxe4 fxe4 43. Rd7 Rb6 44. a5 Rc6 45. Rb2 Nc4+ 46. Kxe4 Nxb2 47. b5 axb5 48.
Rb7 d2 49. a6 Rxa6 0-1

[Event "Late-Titled-Tuesday-Blitz-September-12-2023"]
[Site "Chess.com"]
[Date "2023.09.12"]
[Round "11"]
[White "zeitnot2006"]
[Black "simplerXiao"]
[Result "1-0"]
[WhiteElo "2752"]
[BlackElo "2523"]
[TimeControl "180+1"]
[EndTime "16:01:33 PDT"]
[Termination "zeitnot2006 won on time"]

1. a3 f5 2. d4 Nf6 3. Nc3 d5 4.
Bg5 e6 5. e3 Bd6 6. Nf3 O-O 7.
Ne5 c6 8. f4 Qe8 9. Be2 Be7 10.
O-O Ne4 11. Nxe4 dxe4 12. Bxe7 Qxe7 13. b4 Nd7 14. Bc4 a5 15. Qd2 Nxe5 16. dxe5 Rd8 17. Qc3 b6 18. Rfd1 axb4 19. axb4 Bb7 20. Bb3 Kf7 21. h3 c5 22. bxc5 Qxc5 23. Qe1 Bd5 24. Rxa8 Rxa8 25. Bxd5 exd5 26. Qd2 Ke6 27. g4 g6 28.
gxf5+ gxf5 29. Qf2 Ra2 30. Rd2 Ra1+ 31. Kh2 Qc3 32.
Re2 Qc4 33. Qg2 Kf7 34. Rf2 h6 35. Qg3 Ra2 36. Qg2 d4 37. exd4 Qxd4 38. Qg3 e3 39. Rg2 Ke6 40. Qg8+ Kd7 41. Qxa2 Qxf4+ 42. Kg1 Qd4 43.
Qf7+ Kc6 44. Qe6+ Kb5 45. Qb3+ Kc5 46. Qd3 Qxe5 47. c3 f4 48. Qd4+ Qxd4 49. cxd4+ Kxd4 50. Rb2 h5 51. Kf1 Ke4 52. Rb4+ Kf3 53. Rxb6 Kg3 54. Rg6+ Kxh3 55. Ke2 h4 56. Kf3 Kh2 57. Rg4 h3 58. Rh4 1-0

[Event "Late-Titled-Tuesday-Blitz-September-12-2023"]
[Site "Chess.com"]
[Date "2023.09.12"]
[Round "11"]
[White "Qvalda"]
[Black "Ducke13"]
[Result "0-1"]
[WhiteElo "2361"]
[BlackElo "2511"]
[TimeControl "180+1"]
[EndTime "16:01:34 PDT"]
[Termination "Ducke13 won on time"]

1. Nf3 Nf6 2. b3 g6 3. Bb2 Bg7 4. e3 O-O 5. d4 b6 6. Bd3 Bb7 7. O-O Ne4 8. c4 d6 9. Nbd2 Nxd2 10. Nxd2 a5 11. a3 Nd7 12. Qc2 e5 13. Be4 Qc8 14. Bxb7 Qxb7 15. d5 f5 16. e4 Bh6 17. Nb1 Nc5 18.
Nc3 a4 19. b4 Nb3 20. Rad1 Nd4 21. Qd3 Rf7 22. Nb5 fxe4 23. Qxe4 Rf4 24. Qd3 Nxb5 25. cxb5 Raf8 26. Qh3 Bg7 27. Bc1 R4f5 28. Be3 R8f7 29. Qh4 Qc8 30. Rc1 Qe8 31. Rc6 e4 32. Rd1 Bf6 33.
Qg4 Kg7 34. Qe2 h5 35. h3 Bd8 36. Bd4+ Bf6 37. Bxf6+ R5xf6 38. Qb2 Kh7 39. Rd2 e3 40.
fxe3 Qxe3+ 41. Kh2 Qf4+ 42. Kg1 Qe3+ 43. Kh2 Rf1 44. Rc1 Qg1+ 45. Kg3 Rxc1 46. Re2 Rcf1 47. Qc2 R1f3+ 48. Kh4 R7f4+ 49. Kg5 Rf5+ 50. Kh4 R3f4+ 51.
Kg3 Qf1 52. Qxc7+ Kh6 53. Qd8 h4+ 54. Kh2 Qxe2 55. Qh8+ Kg5 56. Qd8+ Rf6 0-1

[Event "Late-Titled-Tuesday-Blitz-September-12-2023"]
[Site "Chess.com"]
[Date "2023.09.12"]
[Round "11"]
[White "Miguelitro69"]
[Black "ChessDokmus"]
[Result "0-1"]
[WhiteElo "2279"]
[BlackElo "2217"]
[TimeControl "180+1"]
[EndTime "16:01:35 PDT"]
[Termination "ChessDokmus won on time"]

1. e4 c5 2. Nf3 Nc6 3. d4 cxd4 4. Nxd4 g6 5. Nc3 Bg7 6. Be3 Nf6 7. Bc4 O-O 8. Bb3 d6 9. f3 Qb6 10. Nf5 Qa5 11.
Nxg7 Kxg7 12. Qd2 Be6 13. Bh6+ Kg8 14. Bxf8 Rxf8 15. h4 Bxb3 16. cxb3 Ne5 17. O-O-O h5 18. Kb1 Rc8 19. f4 Neg4 20. f5 Qb4 21. fxg6 fxg6 22.
Qg5 Kf7 23. Rhf1 Rc5 24. Qf4 Ke6 25. Nd5 Qxe4+ 26. Qxe4+ Nxe4 27. Nf4+ Kd7 28. Rfe1 Ngf2 29. Rd5 Rc6 30. Nxg6 e6 31. Rd4 Nf6 32. Nf8+ Ke7 33. Nxe6 Kd7 34. Nf4 N2g4 35. b4 a6 36. Nd5 Nxd5 37.
Rxd5 Rb6 38. a3 Nf6 39. Rf5 d5 40. Ref1 Ne4 41. Rf7+ Ke6 42. R1f4 Rc6 43. Ka2 Ke5 44.
R7f5+ Kd4 45. Rxh5 Rc2 46. Kb1 Rxg2 47. Rh8 b5 48.
Re8 Kd3 49. Rd8 d4 50. Rf3+ Kc4 51. Re8 Nd2+ 52. Ka2 Nxf3 53. Rf8 Ne5 54. Rf4 Nd3 55. a4 Rf2 56. Rg4 Rxb2+ 57. Ka3 Rb3+ 58. Ka2 Nxb4+ 0-1

[Event "Late-Titled-Tuesday-Blitz-September-12-2023"]
[Site "Chess.com"]
[Date "2023.09.12"]
[Round "11"]
[White "petr577"]
[Black "Eloist"]
[Result "0-1"]
[WhiteElo "2343"]
[BlackElo "2500"]
[TimeControl "180+1"]
[EndTime "16:01:36 PDT"]
[Termination "Eloist won on time"]

1. e4 e6 2. d4 d5 3. Nd2 c5 4. Ngf3 cxd4 5. Nxd4 Nc6 6. Bb5 Bd7 7.
Nxc6 bxc6 8. Bd3 Bd6 9. Qe2 Qc7 10. Nf3 Ne7 11. e5 Bc5 12. O-O Ng6 13. Re1 O-O 14. h4 f6 15. h5 Nxe5 16. Nxe5 fxe5 17. Be3 Bxe3 18. Qxe3 e4 19. Be2 c5 20. h6 Rac8 21.
Qg5 Bc6 22. Bg4 Rf6 23. f3 Rxh6 24. fxe4 Qh2+ 25. Kf2 Rf8+ 26. Ke3 Qg3+ 27. Kd2 Rf2+ 28. Kd1 Qxg2 29. exd5 Bxd5 30. b3 Bf3+ 31. Kc1 Qxg4 32. Qd8+ Kf7 33. Qd7+ Kf6 34. Qd8+ Kg6 35. Qe8+ Kg5 36.
Qe7+ Rf6 37. Qxg7+ Kf5 38. Qxh7+ Qg6 39. Qh3+ Bg4 40.
Qd3+ Kg5 41. Re5+ R6f5 42. Qe3+ Kh5 43. Rxe6 Qg5 44. Kb2 Qxe3 45. Rxe3 R5f3 46. Rxf3 Bxf3 47. Re1 Kg4 48. Re5 Kf4 49. Rxc5 Be4 50. Rc4 Ke3 51. Kc3 Rxc2+ 52. Kb4 Rxc4+ 53. Kxc4 Bd3+ 54. Kc5 Kd2 55. b4 Kc3 56. a4 Kb3 0-1

[Event "Late-Titled-Tuesday-Blitz-September-12-2023"]
[Site "Chess.com"]
[Date "2023.09.12"]
[Round "11"]
[White "Cambek64"]
[Black "PapaieDudu"]
[Result "0-1"]
[WhiteElo "2473"]
[BlackElo "2342"]
[TimeControl "180+1"]
[EndTime "16:01:37 PDT"]
[Termination "PapaieDudu won on time"]

1. b3 Nf6 2. Bb2 d5 3. e3 c5 4. Nf3 a6 5. d4 Nc6 6. Ne5 Bf5 7. a3 e6 8. Nd2 Rc8 9. Rc1 Bd6 10. Be2 Qe7 11.
g4 Be4 12. f3 Bg6 13. h4 cxd4 14. exd4 h5 15. g5 Nd7 16. Nxg6 fxg6 17. Bd3 O-O 18.
Qe2 Bg3+ 19. Kf1 e5 20. Kg2 Bf4 21. Bxg6 Qd6 22. dxe5 Ndxe5 23. Bxh5 g6 24. Bg4 Nxg4 25. fxg4 Rce8 26. Qd3 Re3 27. h5 Rxd3 28. cxd3 Bxd2 29.
hxg6 Qxg6 30. Rh8+ Kf7 31. Rf1+ Ke7 32. Rhxf8 Ne5 33. Bxe5 Qxd3 34. R8f3 Qe4 35. Bf6+ Kd7 36. Kg3 Ba5 37. g6 Bc7+ 38. Kh4 Qxg6 39. g5 Qe4+ 40. Kh5 Qh7+ 41. Kg4 Qe4+ 42. Rf4 Bxf4 43. Rxf4 Qg2+ 44. Kf5 Qc2+ 45. Kg4 Ke6 46. Bd4 Qg2+ 47. Kh4 Qh2+ 48. Kg4 Qg2+ 49. Kh5 Qh1+ 50. Kg6 Qd1 0-1

[Event "Late-Titled-Tuesday-Blitz-September-12-2023"]
[Site "Chess.com"]
[Date "2023.09.12"]
[Round "11"]
[White "Orest_Vovk"]
[Black "CarlosjPineror"]
[Result "1-0"]
[WhiteElo "2586"]
[BlackElo "2451"]
[TimeControl "180+1"]
[EndTime "16:01:41 PDT"]
[Termination "Orest_Vovk won by resignation"]

1. g4 e5 2. g5 d5 3. Bg2 c6 4. d4 e4 5. c4 Be6 6. Nc3 h6 7. h4 hxg5 8. hxg5 Rxh1 9. Bxh1 Be7 10. Qb3 Qb6 11. c5 Qxb3 12. axb3 Nd7 13. b4 a6 14. b5 cxb5 15. Nxb5 Rc8 16. Nc3 f6 17. g6 Nf8 18.
f3 f5 19. fxe4 fxe4 20. Nxe4 dxe4 21. Bxe4 Nf6 22. Bxb7 Rb8 23. c6 Bd6 24. Rxa6 Nxg6 25. Nf3 Ke7 26. Bg5 Bd5 27. Ra5 Bxf3 28. exf3 Bb4+ 29. Bd2 Bxa5 30. Bxa5 Nd5 31. b4 Nf8 32. b5 Ne6 33. b6 Kd6 34. f4 g6 35. Kf2 Rf8 36.
c7 Rxf4+ 37. Kg3 Rf8 38. c8=Q Rxc8 39. Bxc8 Nxd4 40. b7 Nc6 41. Bd8 Nde7 42. Kg4 Nd5 43. Kg5 Nc7 44. Kxg6 Na6 45. Bh4 Na5 46. Bg3+ Ke7 47.
b8=Q Nxb8 48. Bxb8 Nc6 49. Bh2 Nd8 50. Bh3 Ke8 51. Kf6 Kf8 52. Bd6+ Ke8 53. Bf1 Nf7 54. Bb5+ Kd8 55. Kxf7 Kc8 56. Ke6 1-0

[Event "Late-Titled-Tuesday-Blitz-September-12-2023"]
[Site "Chess.com"]
[Date "2023.09.12"]
[Round "11"]
[White "tactic"]
[Black "picturesquecheck"]
[Result "1-0"]
[WhiteElo "2608"]
[BlackElo "2340"]
[TimeControl "180+1"]
[EndTime "16:01:41 PDT"]
[Termination "tactic won by resignation"]

1. e4 e5 2. Nf3 Nc6 3. Bc4 Bc5 4. d4 exd4 5. c3 Nf6 6. e5 d5 7. Bb5 Ne4 8. cxd4 Bb6 9. Nc3 O-O 10. Be3 Bg4 11. Qc2 Bf5 12. Qa4 Ne7 13. O-O c6 14. Be2 Bg6 15. Nxe4 dxe4 16. Nd2 Nd5 17. Qb3 Re8 18.
Rfd1 Nxe3 19. fxe3 Qg5 20. Nc4 Rad8 21. Nd6 Re7 22.
Bc4 Kh8 23. Rf1 f6 24. Bf7 Rf8 25. Bxg6 Qxg6 26. Nf5 Ree8 27. e6 Qg5 28. Nd6 Re7 29. Nf7+ Rexf7 30. exf7 h6 31. Rf4 Qg6 32. a4 Rxf7 33.
Rxe4 Qxe4 34. Qxf7 Qxe3+ 35. Kh1 Bxd4 36. Rd1 Kh7 37.
Qc4 c5 38. b4 b6 39. h3 Qg3 40. Qc2+ Qg6 41. Qc4 Qg3 42. Qc2+ Qg6 43. Qe2 Be5 44.
bxc5 bxc5 45. Qf2 Qh5 46. Qc2+ Qg6 47. Qxc5 Qg3 48. Qc2+ Qg6 49. Qxg6+ Kxg6 50. a5 Bc3 51. a6 Ba5 52. Rd6 Bb4 53. Rc6 Bd2 54. Re6 Bc3 55.
Rd6 Bb4 56. Rd7 Bc5 57. Rc7 Bd4 58. Rd7 Bb6 59. Rd6 Bc5 60. Rc6 Bd4 61. Kh2 Be5+ 62.
g3 Bd4 63. Kg2 Kh5 64. Kf3 g5 65. Ke4 Bf2 66. g4+ Kh4 67. Rxf6 Kxh3 68. Rxf2 Kxg4 69. Rf7 h5 70. Rxa7 1-0

[Event "Late-Titled-Tuesday-Blitz-September-12-2023"]
[Site "Chess.com"]
[Date "2023.09.12"]
[Round "11"]
[White "bazar-wokzal"]
[Black "FredyMatsuura"]
[Result "0-1"]
[WhiteElo "2582"]
[BlackElo "2388"]
[TimeControl "180+1"]
[EndTime "16:01:43 PDT"]
[Termination "FredyMatsuura won by resignation"]

1. e4 e6 2. c4 c5 3. Nf3 Nc6 4. Nc3 Nf6 5. e5 Ng4 6. d4 cxd4 7. Nxd4 Ngxe5 8. Bf4 f6 9. Nxc6 Nxc6 10. Bd3 Kf7 11. O-O Be7 12. Nb5 d5 13. cxd5 exd5 14. Rc1 Bd7 15. Nc7 Rc8 16. Qh5+ g6 17. Qxd5+ Kg7 18. Nb5 Nb4 19. Rxc8 Qxc8 20. Qe4 Re8 21. Rc1 Bc6 22. Nxa7 Bxe4 23. Rxc8 Rxc8 24. Bxe4 Ra8 25. Be3 Nc6 26.
Bxc6 bxc6 27. g3 c5 28. Nc6 Bd6 29. a3 Ra6 30. Nd8 Be7 31. Nb7 Rb6 32. Nxc5 Bxc5 33. Bxc5 Rxb2 34. Kg2 Kf7 35. h4 Ke6 36. Bb4 Kd5 37.
Be7 f5 38. Bb4 Ke4 39. Bc5 f4 40. gxf4 Kxf4 41. Be7 Kg4 42. Kg1 Kf3 43. Bc5 Ra2 44.
Kh2 Kg4 45. Kg2 Kxh4 46. Kf3 Kg5 47. Be7+ Kf5 48. Kg3 h5 49. f3 g5 50. Bd6 h4+ 51.
Kh3 Rf2 52. f4 Rf3+ 53. Kg2 Rg3+ 54. Kh2 gxf4 55. a4 Kg4 56. a5 Rd3 57. Bc5 Rd2+ 58. Kg1 Ra2 59. Bb6 Kg3 60. Kh1 h3 61. Bg1 Ra1 62. a6 h2 0-1

[Event "Late-Titled-Tuesday-Blitz-September-12-2023"]
[Site "Chess.com"]
[Date "2023.09.12"]
[Round "11"]
[White "Jospem"]
[Black "jcibarra"]
[Result "1/2-1/2"]
[WhiteElo "3088"]
[BlackElo "2957"]
[TimeControl "180+1"]
[EndTime "16:01:51 PDT"]
[Termination "Game drawn by stalemate"]

1. e4 c5 2. Nf3 Nf6 3. e5 Nd5 4. Nc3 e6 5. g3 Nc6 6. Bg2 Nde7 7. Ne4 Ng6 8. Qe2 Ngxe5 9. Nxe5 Nxe5 10. Nxc5 Nc6 11.
Nb3 d5 12. O-O Be7 13. d3 O-O 14. c4 Bf6 15. Bf4 a5 16. a4 dxc4 17. dxc4 Qb6 18.
Qc2 Nd4 19. Nxd4 Bxd4 20. Rae1 Qxb2 21. Qxb2 Bxb2 22. Rb1 Bd4 23. Bd6 Rd8 24. c5 Bc3 25. Bxb7 Bxb7 26. Rxb7 Bb4 27. Rc1 Rac8 28. Kg2 Rc6 29.
Rc7 Rxc7 30. Bxc7 Rc8 31. Bb6 Rc6 32. Rd1 f5 33. Rd8+ Kf7 34. Rd7+ Kg6 35. h4 Bxc5 36.
Bxa5 Ra6 37. Bc3 Bf8 38. a5 e5 39. Rd5 e4 40. h5+ Kg5 41. Bd2+ Kf6 42. Bc3+ Kg5 43.
Bd2+ Kf6 44. Rb5 Bd6 45. Kh3 Ke6 46. g4 g6 47. gxf5+ gxf5 48. Kg2 Rc6 49. Rb6 Rxb6 50. axb6 Kd7 51. f3 Kc6 52. Be3 f4 53. Bxf4 Bxf4 54.
fxe4 Kxb6 55. e5 Bxe5 56. h6 Bf4 57. Kh1 Bxh6 58. Kg2 Kc5 59. Kh1 Kd4 60. Kg2 Ke3 61. Kh1 Ke2 62. Kg2 Be3 63. Kh1 Kf1 64. Kh2 Bg1+ 65. Kh1 Bf2 66. Kh2 Be3 67. Kh1 Bd4 68. Kh2 Bc5 69. Kh1 Bd6 1/2-1/2

[Event "Late-Titled-Tuesday-Blitz-September-12-2023"]
[Site "Chess.com"]
[Date "2023.09.12"]
[Round "11"]
[White "a-z30"]
[Black "ZuraTqebuchava"]
[Result "1/2-1/2"]
[WhiteElo "2409"]
[BlackElo "2284"]
[TimeControl "180+1"]
[EndTime "16:01:52 PDT"]
[Termination "Game drawn - insufficient material"]

1. d3 d5 2. Nf3 Nf6 3. g3 e6 4. Bg2 Be7 5. O-O O-O 6. c4 c6 7. b3 a5 8. Ba3 Bxa3 9. Nxa3 Na6 10. Nc2 Nb4 11. a3 Nxc2 12. Qxc2 b5 13. cxb5 cxb5 14. Rfc1 Bb7 15. Qc5 Qe8 16. Nd4 Ba6 17. Qb6 a4 18.
b4 Nd7 19. Qd6 Nf6 20. Rc5 Qd7 21. Qxd7 Nxd7 22. Rc7 Ne5 23. Rac1 Rfc8 24. Rxc8+ Rxc8 25. Rxc8+ Bxc8 26. Nxb5 Nc6 27. Nc3 Nd4 28. Nxa4 Nxe2+ 29. Kf1 Nd4 30. Nb2 Nc2 31. Ke2 Nxa3 32. Kd2 Bd7 33.
d4 Kf8 34. Bf1 Ke7 35. Kc3 Nb1+ 36. Kc2 Na3+ 37. Kd2 Kd6 38. Ba6 Kc7 39. Nd3 Kb6 40. Nc5 Bb5 41. Bxb5 Kxb5 42. Kc3 Nb1+ 43. Kb2 Nd2 44.
Kc3 Ne4+ 45. Nxe4 dxe4 46. h4 f5 47. h5 g6 48. h6 g5 49. Kb3 f4 50. gxf4 gxf4 51.
Kc3 f3 52. Kd2 Kxb4 53. Ke3 Kc4 54. Kxe4 Kc3 55. Kxf3 Kxd4 56. Kf4 e5+ 57. Kf5 e4 58. Kf4 Kd5 59. Kf5 Kd4 60. Kf6 Kd3 61. Kg7 Ke2 62.
Kxh7 Kxf2 63. Kg6 e3 64. h7 e2 65. h8=Q e1=Q 66. Qh4+ Kf1 67. Qxe1+ Kxe1 1/2-1/2

[Event "Late-Titled-Tuesday-Blitz-September-12-2023"]
[Site "Chess.com"]
[Date "2023.09.12"]
[Round "11"]
[White "Dewarfd"]
[Black "jcmesafischer"]
[Result "0-1"]
[WhiteElo "2208"]
[BlackElo "2362"]
[TimeControl "180+1"]
[EndTime "16:01:52 PDT"]
[Termination "jcmesafischer won on time"]

1. d4 Nf6 2. e3 g6 3. Nf3 Bg7 4. Be2 O-O 5. b4 d6 6. Bb2 b6 7. O-O Ba6 8. c4 c5 9. dxc5 bxc5 10. b5 Bb7 11. Nc3 a6 12. a4 axb5 13.
axb5 Nbd7 14. Rxa8 Qxa8 15. Qc2 d5 16. Ra1 Qb8 17. cxd5 Nxd5 18. Nxd5 Bxd5 19. Bxg7 Kxg7 20. Rd1 Bxf3 21. Bxf3 Qxb5 22. Rb1 Qa5 23. Qb2+ f6 24. Ra1 Rb8 25. Qc1 Qb4 26. h3 Ne5 27. Ra7 Nxf3+ 28.
gxf3 Rb7 29. Rxb7 Qxb7 30. Qxc5 e5 31. Kg2 h5 32. Qc4 g5 33. Qe4 Qd7 34. Qc4 Kg6 35.
Qe4+ Qf5 36. Qa8 Qe6 37. Qe4+ f5 38. Qa8 g4 39. fxg4 fxg4 40. h4 Qf6 41. Qg8+ Qg7 42. Qe8+ Qf7 43. Qxe5 Qf3+ 44. Kg1 Qd1+ 45. Kh2 Qd8 46.
Qe4+ Kh6 47. Kg3 Qd1 48. Qf4+ Kh7 49. Kg2 Qd5+ 50. e4 Qd3 51. e5 Qd5+ 52. Kh2 Qd3 53. Qf7+ Kh6 54. Qf6+ Kh7 55. Qf7+ Kh6 56. Qf6+ Kh7 57.
e6 Qh3+ 58. Kg1 g3 59. fxg3 Qxg3+ 60. Kf1 Qd3+ 61. Kf2 Qd4+ 62. Kf3 Qxf6+ 63. Ke4 Qxe6+ 64. Kf4 Qf6+ 65. Kg3 Qf5 0-1

[Event "Late-Titled-Tuesday-Blitz-September-12-2023"]
[Site "Chess.com"]
[Date "2023.09.12"]
[Round "11"]
[White "Nekoo04"]
[Black "Atanejhad"]
[Result "1-0"]
[WhiteElo "2296"]
[BlackElo "2392"]
[TimeControl "180+1"]
[EndTime "16:01:58 PDT"]
[Termination "Nekoo04 won on time"]

1. d4 Nf6 2. c4 g6 3. Nc3 Bg7 4. e4 d6 5. Nf3 O-O 6. Be2 e5 7. d5 Nbd7 8. O-O Nc5 9. Qc2 a5 10. Bg5 h6 11. Be3 b6 12. Nd2 Ng4 13. Bxg4 Bxg4 14.
a3 f5 15. f3 Bh5 16. b4 Nd7 17. Na4 f4 18. Bf2 g5 19. h3 Be8 20. c5 axb4 21. axb4 bxc5 22. bxc5 h5 23. cxd6 cxd6 24. Nc4 Qf6 25.
Nab6 Nxb6 26. Nxb6 Rxa1 27. Rxa1 g4 28. hxg4 hxg4 29.
fxg4 Qg5 30. Qc8 Qg6 31. Qe6+ Kh8 32. Ra8 Bf7 33. Rxf8+ Bxf8 34. Qf5 Qg7 35. Bh4 Bg6 36. Bf6 Bxf5 37. Bxg7+ Kxg7 38. gxf5 Kf6 39. Kf2 Be7 40. Kf3 Kg5 41. Nc8 Bf8 42. g3 fxg3 43.
Kxg3 Kh5 44. Nb6 Kg5 45. Kf3 Kh5 46. Nd7 Bh6 47. Nf6+ Kg5 48. Nd7 Kh5 49. Nf6+ Kg5 50. Ne8 Bf8 51. Nc7 Kf6 52. Kg4 Bh6 53. Kh5 Bd2 54. Ne8+ Ke7 55. Ng7 Kf6 56. Ne6 Be3 57.
Nc7 Bc1 58. Nb5 Ke7 59. Kg6 1-0

[Event "Late-Titled-Tuesday-Blitz-September-12-2023"]
[Site "Chess.com"]
[Date "2023.09.12"]
[Round "11"]
[White "Rutricks"]
[Black "MikaelyanArman"]
[Result "1/2-1/2"]
[WhiteElo "2711"]
[BlackElo "2923"]
[TimeControl "180+1"]
[EndTime "16:01:59 PDT"]
[Termination "Game drawn - insufficient material"]

1. Nf3 d6 2. d4 Nd7 3. b3 e5 4.
Bb2 e4 5. Nfd2 e3 6. fxe3 Nh6 7. e4 Ng4 8. Nf3 Be7 9. Qd3 O-O 10. h3 Bh4+ 11. Nxh4 Qxh4+ 12. g3 Qh6 13. Nc3 Ngf6 14. Bg2 Nb6 15. a4 a5 16. Bc1 Qg6 17. e5 dxe5 18. dxe5 Nfd7 19. Bf4 Nc5 20. Qxg6 hxg6 21. Nb5 c6 22.
Be3 Nbd7 23. Nd6 Ne6 24. Nc4 Ra6 25. Bd2 b5 26. Nxa5 Nxe5 27. Bc3 f6 28. Bxe5 fxe5 29. Nxc6 bxa4 30. Ne7+ Kh7 31. Nxc8 Nd4 32. Ra2 Rxc8 33.
Bb7 Rxc2 34. Rxc2 Nxc2+ 35. Kd2 Rb6 36. bxa4 Nd4 37. Bf3 Rb2+ 38. Ke3 Ra2 39. Rc1 Rxa4 40. Be4 Ra3+ 41. Bd3 Nf5+ 42. Kf2 Nxg3 43. Rc6 Nf5 44. Rc5 e4 45. Bxe4 Nd6 46. Bd3 Nf7 47. Rh5+ Nh6 48. Rg5 Nf5 49. h4 Kh6 50. Bxf5 gxf5 51. Rxf5 Ra4 52. Kg3 Re4 53. Rf2 g5 54. hxg5+ Kxg5 55. Rh2 Re3+ 56. Kf2 Re8 57. Rh7 Kf4 58. Rh4+ Ke5 59.
Ra4 Rb8 60. Ke3 Rb3+ 61. Kf2 Rh3 62. Rg4 Kf5 63. Rc4 Ke5 64. Ke1 Kd5 65. Ra4 Ke5 66. Kd2 Kd5 67. Rb4 Ke5 68. Rc4 Kd5 69. Rc3 Rxc3 70.
Kxc3 Ke4 71. Kd2 Kd4 72. Ke1 Ke3 73. Kf1 Ke4 74. Kf2 Kf4 75. e3+ Ke4 76. Ke2 Ke5 77. Kd3 Kd5 78. Kd2 Ke4 79. Kc3 Kxe3 1/2-1/2

[Event "Late-Titled-Tuesday-Blitz-September-12-2023"]
[Site "Chess.com"]
[Date "2023.09.12"]
[Round "11"]
[White "NotFischer"]
[Black "canary2016"]
[Result "0-1"]
[WhiteElo "2278"]
[BlackElo "2131"]
[TimeControl "180+1"]
[EndTime "16:02:06 PDT"]
[Termination "canary2016 won by checkmate"]

1. e4 c5 2. Nc3 d6 3. g3 Nf6 4.
Bg2 Nc6 5. d3 b6 6. Nh3 Bb7 7. O-O e6 8. f4 g6 9. Nf2 Bg7 10. Be3 O-O 11. Qd2 Rc8 12. g4 Nd4 13. g5 Nd7 14. h4 c4 15. Ng4 cxd3 16. cxd3 Nc5 17. Nh6+ Kh8 18. Rad1 Ba6 19. f5 exf5 20. exf5 gxf5 21. Nxf5 Nxf5 22. Rxf5 Bxd3 23. Rxc5 dxc5 24.
Qxd3 Qe7 25. Nd5 Qe5 26. b3 Rfe8 27. Bf4 Qb2 28. Nf6 Bxf6 29. gxf6 Qxf6 30. Bg5 Qd4+ 31. Qxd4+ cxd4 32. Rxd4 Re1+ 33. Kf2 Ra1 34. Bf6+ Kg8 35. Rd2 Rac1 36. Be4 Re8 37. Re2 Rcc8 38. Kf3 Re6 39. Rg2+ Kf8 40. Bxh7 Rxf6+ 41. Ke4 Re8+ 42. Kd5 Rf1 43.
Rg8+ Ke7 44. Rxe8+ Kxe8 45. Be4 Rf4 46. h5 Rh4 47. Kc6 Rxh5 48. Kb7 Re5 49. Bc6+ Kd8 50. Kxa7 Re7+ 51. Kxb6 Re6 52. a4 f5 53. Kb5 Re5+ 54.
Kc4 f4 55. Bf3 Re3 56. Bg4 Re1 57. a5 Ra1 58. b4 Kc7 59. Kb5 Ra3 60. Bh5 f3 61.
Bxf3 Rxf3 62. Ka6 Rf6+ 63. Ka7 Rf4 64. b5 Rb4 65. b6+ Kc6 66. b7 Rxb7+ 67. Ka8 Rb5 68.
a6 Ra5 69. a7 Kb6 70. Kb8 Rxa7 71. Kc8 Kc6 72. Kd8 Rb7 73. Ke8 Kd6 74. Kf8 Ke6 75. Kg8 Kf6 76. Kh8 Kg6 77. Kg8 Rb8# 0-1